 Dungeon Crawl Stone Soup version bcrawl-1.12.2 (webtiles) character file.

Game seed: 3055980009547721095

63 Ebbett the Ruffian (level 3, -4/32 HPs)
             Began as a Troll Transmuter on July 24, 2019.
             Was an Initiate of Trog.
             Killed by divine providence
             ... invoked by an orc priest
              (14 damage)
             ... on level 3 of the Dungeon.
             The game lasted 00:04:30 (1448 turns).

Ebbett the Ruffian (Troll Transmuter)               Turns: 1448, Time: 00:04:31

Health: -4/32      AC:  5    Str: 19    XL:     3   Next: 87%
Magic:  5/5        EV: 10    Int: 10    God:    Trog [......]
Gold:   179        SH:  0    Dex: 10    Spells: 5/6 levels left

rFire    . . .     SeeInvis .     - Unarmed
rCold    . . .     Gourm    +   (no shield)
rNeg     . . .     Faith    .   (armour unavailable)
rPois    .         Spirit   .   (helmet restricted)
rElec    .         Reflect  .   (no cloak)
rCorr    .         Harm     .   (gloves unavailable)
MR       .....                  (boots unavailable)
Stlth    +.........             (no amulet)
HPRegen  0.10/turn              (no ring)
MPRegen  0.09/turn              (no ring)

@: no status effects
A: large, almost no armour, unfitting armour, claws 3, fast metabolism 3,
gourmand, AC +5
a: Renounce Religion


You were on level 3 of the Dungeon.
You worshipped Trog.
Trog was noncommittal.
You were not hungry.

You visited 1 branch of the dungeon, and saw 3 of its levels.

You collected 179 gold pieces.

Inventory:

Missiles
 a - 273 arrows
Scrolls
 b - a scroll of enchant armour {unknown}
 f - 4 scrolls of identify {unknown}
 h - a scroll of blinking {unknown}
 i - 2 scrolls of enchant weapon {unknown}
 j - 2 scrolls of fear {unknown}
 l - a scroll of fog {unknown}
 n - 4 scrolls of teleportation {unknown}
 p - 2 scrolls of remove curse {unknown}
 r - a scroll of magic mapping {unknown}
Potions
 c - a potion of lignification
 e - a potion of heal wounds {unknown}
 g - 2 potions of cancellation {unknown}
 k - 3 potions of curing {unknown}
 m - 3 potions of agility {unknown}
 o - a potion of flight {unknown}
 q - a potion of haste {unknown}
Comestibles
 d - 5 rations {!d}


   Skills:
 + Level 0.9 Fighting
 + Level 1.8 Dodging
 + Level 4.2 Unarmed Combat
 - Level 2.0 Spellcasting
 + Level 1.4 Transmutations


You had 5 spell levels left.
You knew the following spells:

 Your Spells              Type           Power        Failure   Level  Hunger
a - Beastly Appendage     Tmut           #.....       17%         1    ##.....

Your spell library contained the following spells:

 Spells                   Type           Power        Failure   Level  Hunger
 Sticks to Snakes         Tmut           #.......     26%         2    ###....
 Spider Form              Tmut/Pois      #..          56%         3    ####...
 Ice Form                 Ice/Tmut       #.......     93%         4    #####..
 Blade Hands              Tmut           #.........   99%         5    ######.


Dungeon Overview and Level Annotations

Branches:
Dungeon (3/12)

Altars:
Cheibriados
Gozag
Lugonu
Trog
Zin


Innate Abilities, Weirdness & Mutations

You cannot wear most types of armour.
Your thick skin is tough. (AC +5)
You are too large for most types of armour.
You have claws for hands.
Your metabolism is lightning-fast.
You like to eat raw meat.


Message History

The orc hits you but does no damage.
You barely miss the orc.
The orc is moderately wounded.
The orc priest mumbles some strange prayers to Beogh against you.
Beogh smites you!
Ouch! That really hurt!
The orc hits you with a +0 flail.
You scratch the orc.
The orc is heavily wounded.
An orc comes into view. It is wielding a -1 flail.
The orc priest calls upon Beogh to heal the orc.
The orc's wounds heal themselves!
You closely miss the orc. The orc closely misses you.
You closely miss the orc. The orc barely misses you.
You claw the orc!
You kill the orc!
Trog accepts your kill.
The orc priest invokes the aid of Beogh against you.
Beogh smites you!
You die...

.#. #.# #
...##.##
.##
#.##...#
.>#
#.##)..#
#o#
#.##...#
#o#
#.##.#####
#o#
##.........
#)#
#.....#####
#@#
#.##.......
#.#
#.###.#####
#.# #.# #.#
#.# #.# #.#
#.# #.# #.#
#.######.#
#..
#........#
###
##########


You could see an orc priest and 2 orcs.

Vanquished Creatures
  3 worms
  A dart slug (D:2)
  2 leopard geckos
  2 orcs (D:3)
  A giant cockroach (D:2)
  6 goblins
  8 hobgoblins
  2 ball pythons
  4 bats
  3 frilled lizards
  9 kobolds
  4 rats
45 creatures vanquished.

Notes
Turn   | Place    | Note
-------+----------+-------------------------------------------
     0 | D:1      | Ebbett the Troll Transmuter began the quest for the Orb.
     0 | D:1      | Reached XP level 1. HP: 18/18 MP: 2/2
   209 | D:1      | Reached XP level 2. HP: 13/26 MP: 3/3
   725 | D:2      | Reached XP level 3. HP: 25/32 MP: 2/4
   799 | D:2      | Found a bloodstained altar of Trog.
  1018 | D:2      | Became a worshipper of Trog the Wrathful
  1058 | D:2      | Reached skill level 4 in Unarmed Combat
  1089 | D:2      | Found a glowing silver altar of Zin.
  1089 | D:2      | Found an opulent altar of Gozag.
  1098 | D:2      | Found a faded altar of an unknown god.
  1100 | D:2      | Found a snail-covered altar of Cheibriados.
  1101 | D:2      | Found a corrupted altar of Lugonu.
  1448 | D:3      | Killed from afar by an orc priest

Skill      XL: |  1  2  3 |
---------------+----------+-----
Spellcasting   | 2 |  2.0
Unarmed Combat | 4 |  4.2
Fighting       | |  0.9
Dodging        | |  1.8
Transmutations | |  1.4

Action                   || total
-------------------------++-------
Melee: Unarmed           ||   122
       Punch             ||     2
 Cast: Beastly Appendage ||     2
  Eat: Chunk             ||     7
Armor: Skin              ||    33
Dodge: Dodged            ||    65
